Cogmind - Beta 11 X7 @@@ ROGUE MODE // 2021.10.07 @ 21:34:00 Player: weirdfoe Result: Destroyed by G-34 Mercenary with Small Laser Performance ------------- Evolutions (0) 0 Regions Visited (1) 200 Robots Destroyed (4) 20 Value Destroyed (114) 114 Prototype IDs (0) 0 Alien Tech Used (0) 0 Bonus (0) 0 TOTAL SCORE: 334 Bonus ------- None Cogmind --------- Core Integrity 0/250 Matter 234/300 Energy 94/100 System Corruption 0% Temperature Cool (6) Movement Core (50) Location -10/Materials Parts ------- > --- POWER (1) -------- (None) > --- PROPULSION (2) --- (None) > --- UTILITY (2) ------ (None) > --- WEAPON (2) ------- (None) > --- INVENTORY (5) ---- Light Ion Engine Aluminum Leg Small Storage Unit High-capacity Matter Pod (0) Datajack Peak State ------------ > --- POWER ------------ Ion Engine > --- PROPULSION ------- Wheel Wheel > --- UTILITY ---------- Small Storage Unit Large Storage Unit > --- WEAPON ----------- Assault Rifle Assault Rifle > --- INVENTORY -------- Light Ion Engine Light Treads Light Treads Aluminum Leg Aluminum Leg High-capacity Matter Pod Light Assault Rifle Datajack [Rating: 7] Favorites ----------- Power Ion Engine Engine Ion Engine Propulsion Wheel Treads Light Treads Wheel Wheel Utility Large Storage Unit Storage Large Storage Unit Weapon Assault Rifle Ballistic Gun Assault Rifle Build | -11 -10 ------- Run | Scr Mat Slots Evolved . | . . Power . | . . Propulsion . | . . Utility . | . . Weapon . | . . Parts Attached 9 | 6 3 Power 1 | 1 . Engine 1 | 1 . Core . | . . Reactor . | . . Propulsion 3 | 2 1 Treads 1 | . 1 Leg . | . . Wheel 2 | 2 . Hover . | . . Flight . | . . Utility 2 | 1 1 Device . | . . Storage 2 | 1 1 Processor . | . . Hackware . | . . Protection . | . . Artifact . | . . Weapon 3 | 2 1 Energy Gun . | . . Energy Cannon . | . . Ballistic Gun 3 | 2 1 Ballistic Cannon . | . . Launcher . | . . Special Weapon . | . . Impact Weapon . | . . Slashing Weapon . | . . Piercing Weapon . | . . Special Melee Weapon . | . . Unidentified Prototypes . | . . Parts Lost 7 | . 7 Power 1 | . 1 Propulsion 3 | . 3 Utility . | . . Weapon 3 | . 3 Highest Loss Streak 7 | . 7 Average Slot Usage (%) 66 | . 66 Engine 10 | . 10 Treads 2 | . 2 Wheel 18 | . 18 Storage 13 | . 13 Ballistic Gun 21 | . 21 Naked Turns 1 | . 1 Heaviest Build 29 | 14 29 Greatest Support 20 | 20 20 Greatest Overweight (x) 6 | . 6 Average Overweight (x) . | . . Largest Inventory Capacity 15 | 8 15 Average Capacity 12 | 6 14 Most Carried 9 | 6 9 Average Carried 7 | 2 8 Final Capacity 8 | 8 5 Final Carried 6 | 6 5 Class Distribution -------------------- 100% | Mutant Dominant Class ---------------- Mutant | -10/Materials Resources | -11 -10 ----------- Run | Scr Mat Matter Collected 275 | 145 130 Remotely . | . . Salvage Created 130 | . 130 Parts 5 | . 5 Haulers Intercepted . | . . Recyclers Shooed . | . . Parts Field Recycled . | . . Retrieved Matter . | . . Parts Self-Destructed . | . . Prevented . | . . Kills | -11 -10 ------- Run | Scr Mat Combat Hostiles Destroyed 4 | . 4 Guns 4 | . 4 Classes Destroyed 2 | . 2 Swarmer 2 | . 2 Grunt 2 | . 2 Best Kill Streak 2 | . 2 Combat Bots Only 2 | . 2 Max Kills in Single Turn 1 | . 1 Gunslinging . | . . Exploded . | . . Melee . | . . Uniques/NPCs Destroyed . | . . Combat | -11 -10 -------- Run | Scr Mat Damage Taken 972 | . 972 Core 255 | . 255 Absorbed by Shields . | . . Core Remaining (%) 100 | 100 . Volleys Fired 38 | . 38 Largest 2 | . 2 Hottest 40 | . 40 Shots Fired 49 | . 49 Gun 49 | . 49 Cannon . | . . Launcher . | . . Special . | . . Kinetic 49 | . 49 Thermal . | . . Explosive . | . . Electromagnetic . | . . Robot Hit Streak 14 | . 14 Robot Miss Streak 4 | . 4 Penetration Max . | . . Secondary Targets . | . . Shots Hit Robots 34 | . 34 Core Hits 12 | . 12 Critical Kills . | . . Critical Parts Destroyed . | . . Critical Strikes . | . . Melee Attacks . | . . Impact . | . . Slashing . | . . Piercing . | . . Sneak Attacks . | . . Combat Hostiles . | . . Follow-up Attacks . | . . Damage Inflicted 327 | . 327 Guns 325 | . 325 Cannons . | . . Explosions . | . . Melee . | . . Ramming 2 | . 2 Kinetic 325 | . 325 Thermal . | . . Explosive . | . . Electromagnetic . | . . Impact . | . . Slashing . | . . Piercing . | . . Highest Corruption . | . . Average Corruption . | . . Corruption Purged . | . . Overload Shots . | . . Overflow Damage . | . . Projectiles . | . . Explosions . | . . Melee . | . . Knockbacks . | . . Impact . | . . Kinetic . | . . Secondary . | . . Self-Inflicted Damage . | . . Shots . | . . Rammed 3 | . 3 Targets Rammed 3 | . 3 Kicked . | . . Crushed . | . . Highest Temperature 22 | . 22 Average Temperature 5 | . 5 Received Heat Transfer 423 | . 423 Siege Activations . | . . Robots Corrupted . | . . Combat Hostiles . | . . Parts Fried . | . . Impact Corruptions . | . . Robots Melted . | . . Combat Hostiles . | . . Parts Melted . | . . Heat Transferred . | . . Parts Sabotaged . | . . Parts Stolen . | . . Parts Stripped . | . . Power Chain Reactions . | . . Missiles Intercepted . | . . Alert | -11 -10 ------- Run | Scr Mat Peak Influence 80 | . 80 Initial . | . . Average 20 | . 24 Maximum Alert Level . | . . Low Security (%) 100 | 100 100 Level 1 . | . . Level 2 . | . . Level 3 . | . . Level 4 . | . . Level 5 . | . . High Security . | . . Max Security . | . . Squads Dispatched . | . . Investigation . | . . Extermination . | . . Reinforcement . | . . Assault . | . . Garrison . | . . Intercept . | . . Construction Impeded . | . . Haulers Reinforced . | . . Active Scanning Responses . | . . Cargo Convoy Interrupts . | . . Stealth | -11 -10 --------- Run | Scr Mat Distress Signals 2 | . 2 Communications Jammed . | . . Distress Signals . | . . Times Spotted 8 | . 8 Peak Tracking Total 7 | . 7 Tactical Retreats 1 | . 1 Traps | -11 -10 ------- Run | Scr Mat Traps Triggered . | . . Indirectly . | . . Trap Hack Attempts . | . . Triggered . | . . Disarmed . | . . Reprogrammed . | . . Reused . | . . Traps Extracted . | . . Installed . | . . Triggered . | . . Machines | -11 -10 ---------- Run | Scr Mat Machines Disabled . | . . Max in Single Turn . | . . Machines Sabotaged . | . . Garrisons Compromised . | . . Overloaded Fab Kills . | . . Fab Network Shutdowns . | . . Hacking | -11 -10 --------- Run | Scr Mat Machines Accessed . | . . Terminals . | . . Fabricators . | . . Repair Stations . | . . Recycling Units . | . . Scanalyzers . | . . Garrison Access . | . . Total Hacks . | . . Successful . | . . Failed . | . . Catastrophic . | . . Database Lockouts . | . . Manual . | . . Terminals . | . . Fabricators . | . . Repair Stations . | . . Recycling Units . | . . Scanalyzers . | . . Garrison Access . | . . Terminal Hacks . | . . Fabricator Hacks . | . . Repair Station Hacks . | . . Recycling Unit Hacks . | . . Scanalyzer . | . . Garrison Access Hacks . | . . Unauthorized Hacks . | . . Terminals . | . . Fabricators . | . . Repair Stations . | . . Recycling Units . | . . Scanalyzers . | . . Garrison Access . | . . Data Cores Recovered . | . . Used . | . . Hacking Detections . | . . Full Trace Events . | . . Feedback Events . | . . Feedback Blocked . | . . Robot Schematics Acquired . | . . Robots Built . | . . Matter . | . . Time . | . . Total Robot Build Rating . | . . Part Schematics Acquired . | . . Parts Built . | . . Matter . | . . Time . | . . Total Part Build Rating . | . . Parts Repaired . | . . Time . | . . Parts Recycled . | . . Recycled Matter . | . . Retrieved Matter . | . . Retrieved Components . | . . Parts Scanalyzed . | . . Part Schematics Acquired . | . . Parts Damaged . | . . Bothacking | -11 -10 ------------ Run | Scr Mat Used RIF Installer . | . . Robots Hacked . | . . Non-combat . | . . Combat . | . . Robot Hacks Applied . | . . Relay Couplers Released . | . . Robots Rewired . | . . Allies Hacked . | . . Hacks Repelled . | . . Allies | -11 -10 -------- Run | Scr Mat Total Allies . | . . Largest Group . | . . Highest-Rated Group . | . . Highest-Rated Ally . | . . Total Orders . | . . Ally Attacks . | . . Total Damage . | . . Kills . | . . Allies Corrupted . | . . Allies Melted . | . . Intel | -11 -10 ------- Run | Scr Mat Robot Analysis Total . | . . Derelict Logs Recovered . | . . Drone Launches . | . . Drone Recoveries . | . . Exploration | -11 -10 ------------- Run | Scr Mat Turns Passed 299 | 48 251 Spaces Moved 172 | 41 131 Core 7 | 1 6 Treads 2 | . 2 Legs . | . . Wheels 163 | 40 123 Hover . | . . Flight . | . . Fastest Speed 50 | 50 50 Average Speed 98 | 79 104 Slowest Speed 350 | 80 350 Overloaded Moves . | . . Propulsion Burnouts . | . . Robots Hopped . | . . Cave-ins Triggered . | . . Exploration Rate (%) 15 | 3 27 Regions Visited 1 Branch Regions . Pre-discovered Areas . | . . Known Exits Taken . | . . Unknown Exits Taken 1 | 1 . Scrap Searched . | . . Spaces Dug . | . . Terrain Destroyed . | . . Melee . | . . Projectile . | . . AOE . | . . Terrain Rammed . | . . Walls Destroyed . | . . Machines Disabled . | . . Actions | -11 -10 --------- Run | Scr Mat Total 248 | 53 195 Wait 17 | 1 16 Move 171 | 40 131 Hop . | . . Pick Up 8 | 6 2 Fast Attach 7 | 6 1 Attach 2 | . 2 Detach 1 | . 1 Swap . | . . Drop 1 | . 1 Fire 38 | . 38 Melee . | . . Ram 3 | . 3 Kick . | . . Crush . | . . Escape Stasis . | . . Rewire . | . . Trap . | . . Miscellaneous . | . . Route ------- -11/Scrapyard -10/Materials History --------- Turn | Location | Event 27 | -11/Scrapyard | Discovered new exit (range 16) 49 | -11/Scrapyard | Entered Materials 254 | -10/Materials | Core integrity fell below 50% 288 | -10/Materials | Core integrity fell below 20% 300 | -10/Materials | Destroyed by G-34 Mercenary with Small Laser Last Messages --------------- 00191_ G-47 Trooper destroyed. 00195_ Acquired 46 matter. 00197_ W-16 Scout sends out distress signal. 00203_ K-01 Serf collects debris. 00206_ Assault Rifle destroyed. 00207_ K-01 Serf collects debris. 00207_ Wheel destroyed. 00228_ S-10 Pest destroyed. 00245_ Acquired 13 matter. 00245_ Ion Engine destroyed. 00249_ Acquired 17 matter. 00251_ Critical hit (Burn: +37). 00269_ Lgt. Treads destroyed. 00270_ G-47 Trooper destroyed. 00271_ Acquired 54 matter. 00275_ Slammed into S-10 Pest. 00285_ Lgt. Assault Rifle destroyed. 00289_ R-06 Scavenger collects Lgt. Assault Rifle. 00293_ R-06 Scavenger collects Lgt. Ion Engine. 00299_ Dropped Lrg. Storage Unit. Map ----- +----------------------------------------------------+ | ?????????????????????????????????? | | ?????????????????????????????????? | | ?????????????????????????????????? | | ?????????????????????????????????? | | ?????????????????????????????????? | | ?????????????????????????????????? | | ?????????????????????????????????? | | ?????????????????????????????????? | | ?????????????????????????????????? | | ???????????????????###???????????? | | ?????????????????? !!#???????????? | | ?????#########??? !!#???????????? | | ?????# !#??? **#???????????? | | ?????#""" #? **#???????????? | | ?????#""" # ]]#???????????? | | ?????#""" / ]?????????????? | | ?????# =[ # #???????????????? | | ?????####+#### ##??????????????? | | ???????## ### #####"?????????? | | ???????# "" ??????? | | ???????# T ??????? | | ???????# ??????? | | ???????# ## ###+##?????????? | | ######## #?######??????????????? | | # # r #?????????????????????? | | # ! "# @ #?????????????????????? | | # T#!= ########??????????????? | | # "#= #??????????????? | | # # #??????????????? | | # """" #s #??????????????? | | # """" + g u #??????????????? | | # """"!# #??????????????? | | # ### #??????????????? | | # """" #?# #??????????????? | | # """" #?# #??????????????? | | # """" #?# #??????????????? | | ? ### #??????????????? | | ?######## #??????????????? | | ????????# #??????????????? | | ????????# #??????????????? | | ????????# #??????????????? | | ######### #########???????? | | # # # #???????? | | # " # # #???????? | | # """ # # """"" #???????? | | # """ # # """"" #???????? | | # """ # # """"" #???????? | | # "" + + #???????? | | # """ # # """"" #???????? | | # "" ### # """"" #???????? | +----------------------------------------------------+ Best States ------------- Heat Dissipation 25 Energy Generation 10 Energy Capacity 250 Matter Stores 234 Matter Capacity 300 Sight Range 16 Terrain Scan Density 10 Evasion (%) 44 Recoil Reduction 1 Item Schematics ----------------- None Robot Schematics ------------------ None Fabricated ------------ Nothing Alien Tech Used ----------------- None Achievements -------------- None Challenges ------------ None Game ------ Seed WeightDecoderPit Manual? 0 Play Time 00:05:18 Cumulative 29.6 hours Start 2021.10.07 @ 21:31:02 End 2021.10.07 @ 21:34:00 Sessions 1 Manual Loads 0 Difficulty Rogue Special Mode None Game No. 89 Rogue 89 Adventurer 0 Explorer 0 Win Type - Total 0 Types 0/0/0/0/0/0/0/0/0 Lore% 29 Gallery% 36 Achievement% 25 Wizard Run 0 Options --------- ASCII 0 Keyboard 0 Movement Numpad Keybinds 0 Fullscreen 2 Font 18/TerminusBold Map View 76x50 Tactical HUD 1 Map Filters NONE Filters NONE Steam 1 RUN: 60cdc1d2-fad0-4c23-94f0-db1667642ead